 Dungeon Crawl Stone Soup version 0.29-a0-1019-g84f7d21838 (webtiles) character file.

Game seed: 2993789127835919401

39 xian the Chiller (level 3, -16/16 HPs)
             Began as a Spriggan Ice Elementalist on Aug 10, 2022.
             Demolished by Crazy Yiuf
             ... wielding a +2 quarterstaff of chaos
              (18 damage)
             ... on level 2 of the Dungeon.
             The game lasted 00:04:18 (1021 turns).

xian the Chiller (Spriggan Ice Elementalist)        Turns: 1021, Time: 00:04:19

Health: -16/16     AC:  8    Str: 10    XL:     3   Next: 28%
Magic:  0/8        EV: 17    Int: 18    God:
Gold:   80         SH:  0    Dex: 15    Spells: 1/8 levels left

rFire   . . .      SeeInvis +   d - +0 short sword
rCold   . . .      Faith    .   (no shield)
rNeg    . . .      Spirit   .   a - +0 robe
rPois   .          Reflect  .   (helmet restricted)
rElec   .          Harm     .   (no cloak)
rCorr   .          Rampage  .   (gloves unavailable)
Will    .....                   (boots unavailable)
Stlth   ++........              (no amulet)
HPRegen 0.05/turn               g - +6 ring of strength
MPRegen 0.11/turn               (no ring)

@: ice-armoured, very quick
A: very small, no large weapons, unfitting armour, see invisible, speed 3
a: no special abilities


You were on level 2 of the Dungeon.
You visited 1 branch of the dungeon, and saw 2 of its levels.

You collected 80 gold pieces.

Inventory:

Hand Weapons
 d - a +0 short sword (weapon)
Armour
 a - a +0 robe (worn)
Jewellery
 g - a +6 ring of strength (left hand)
 h - a ring of poison resistance
Scrolls
 i - a scroll of butterflies {unknown}
 l - a scroll of poison {unknown}
Potions
 b - a potion of magic
 f - a potion of curing {unknown}
 k - a potion of heal wounds {unknown}


   Skills:
 + Level 2.8 Dodging
 + Level 3.2 Stealth
 + Level 3.3 Spellcasting
 + Level 3.9 Ice Magic


You had one spell level left.
You knew the following spells:

 Your Spells              Type           Power      Damage    Failure   Level
a - Freeze                Ice            68%        1d8       3%          1
b - Frozen Ramparts       Ice            34%        1d6       10%         3
c - Ozocubu's Armour      Ice            17%        N/A       10%         3

Your spell library contained the following spells:

 Spells                   Type           Power      Damage    Failure   Level
 Sandblast                Erth           4%         2d4       16%         1
 Passwall                 Tmut/Erth      1%         N/A       24%         2
 Stone Arrow              Conj/Erth      4%         3d7       43%         3
 Hailstorm                Conj/Ice       10%        3d5       56%         4


Dungeon Overview and Level Annotations

Branches:
Dungeon (2/15)

Altars:

Annotations:
D:2 Crazy Yiuf


Innate Abilities, Weirdness & Mutations

You are very small and have problems with some larger weapons.
You are too small for most types of armour.
You have supernaturally acute eyesight. (SInv)
You cover ground extremely quickly. (Speed+++)


Message History

You kill the endoplasm!
You hit the rat.
You kill the rat!
You see here a rat corpse.
Magic restored.
Found a hammer.
Found a runed translucent door.
Crazy Yiuf shouts!
Casting: Freeze (safe; 3% risk of failure)
Confirm with . or Enter, or press ? or * to list all spells.
The spell is extremely dangerous to miscast (10% risk of failure)!
Continue anyway?
A film of ice covers your body!
Casting: Ozocubu's Armour (extremely dangerous; 10% risk of failure)
Confirm with . or Enter, or press ? or * to list all spells.
You can't see any susceptible monsters within range! (Use Z to cast anyway.)
Casting: Ozocubu's Armour (extremely dangerous; 10% risk of failure)
Confirm with . or Enter, or press ? or * to list all spells.
The spell is extremely dangerous to miscast (10% risk of failure)!
Continue anyway?
Your icy armour thickens.
You open the door.
Crazy Yiuf says, "Tosser King hand!"
You barely miss Crazy Yiuf.
Crazy Yiuf laughs, "Gnoll!"
Crazy Yiuf drinks a potion.
Crazy Yiuf seems to grow stronger.
You freeze Crazy Yiuf.
Crazy Yiuf is lightly wounded.
Crazy Yiuf closely misses you.
You freeze Crazy Yiuf.
Crazy Yiuf is moderately wounded.
Crazy Yiuf completely misses you.
You are out of magic!
You hit Crazy Yiuf but do no damage.
Crazy Yiuf is moderately wounded.
Crazy Yiuf hits you with a +2 quarterstaff of chaos!
Ouch! That really hurt!
* * * LOW HITPOINT WARNING * * *
You hit Crazy Yiuf but do no damage.
Crazy Yiuf is moderately wounded.
Crazy Yiuf hits you with a +2 quarterstaff of chaos!!
Ouch! That really hurt!
You die...

.####... ........
.<...... #####
........ #)..#
.####... #...# ###.
... #. #g# #. #@##
###########. ##.#
#'.......... #.##
###.######## ##.#
#.# ##.## #.#
##...# ##'########
#....# #..........
#..^.# #.)........
##..#####..........


You could see Crazy Yiuf (strong).

Vanquished Creatures
  A dart slug (D:1)
  2 ball pythons
  7 endoplasms
  4 giant cockroaches (D:1)
  5 goblins (D:1)
  4 kobolds (D:1)
  2 quokkas (D:1)
  3 bats (D:1)
  2 frilled lizards (D:1)
  A rat (D:2)
31 creatures vanquished.

Notes
Turn   | Place    | Note
-------+----------+-------------------------------------------
     0 | D:1      | xian the Spriggan Ice Elementalist began the quest for the
                  | Orb.
     0 | D:1      | Reached XP level 1. HP: 9/9 MP: 5/5
   214 | D:1      | Reached XP level 2. HP: 13/13 MP: 4/6
   489 | D:1      | Reached XP level 3. HP: 16/16 MP: 5/8
   506 | D:1      | Learned a level 3 spell: Frozen Ramparts
   510 | D:1      | Learned a level 3 spell: Ozocubu's Armour
   745 | D:1      | Found a faded altar of an unknown god.
  1010 | D:2      | Found a runed translucent door.
  1011 | D:2      | Noticed Crazy Yiuf
  1021 | D:2      | Demolished by Crazy Yiuf

Illustrated notes

Levels and vault maps discovered:
D:1:      dpeg_arrival_tiny_c, layout_rooms, hellmonk_ecumenical_altar_zigzags,
          nicolae_kite_square_tiling_tiny, st_stairs_1,
          minmay_misc_feat_nine_boxes, corner_web_ring
D:2:      layout_basic, dreamdust_princess_bridge, uniq_crazy_yiuf_cottage

Skill      XL: |  1  2 |
---------------+-------+-----
Spellcasting   | 3 |  3.3
Dodging        | |  2.8
Stealth        | |  3.2
Ice Magic      | |  3.9

Action                   || total
-------------------------++-------
Melee: Unarmed           ||     5
       Short sword       ||    18
 Cast: Freeze            ||    40
       Ozocubu's Armour  ||     2
  Use: Scroll            ||     2
 Stab: Sleeping          ||     4
Armor: Robe              ||     4
Dodge: Dodged            ||    35

Table legend: (Time is in decaauts)
 A = Elapsed time spent in this place.
 B = Non-inter-level travel time spent in this place.
 C = Inter-level travel time spent in this place.
 D = Time resting spent in this place.
 E = Time spent auto-exploring this place.
 F = Levels seen in this place.
 G = Mean time per level.
                   A        B        C        D        E       F      G
               +--------+--------+--------+--------+--------+-----+--------+
         Total |    770 |    759 |     11 |      0 |    520 |   2 |  385.0 |
       Dungeon |    770 |    759 |     11 |      0 |    520 |   2 |  385.0 |
               +--------+--------+--------+--------+--------+-----+--------+

Top non-repeatable levels by time:
     D:1: 702 daAuts
     D:2: 68 daAuts
